 Dungeon Crawl Stone Soup version 0.22-a0-414-gacd343e (webtiles) character file.

165 galech the Fighter (level 5, -1/54 HPs)
             Began as a Gnoll Wanderer on May 13, 2018.
             Slain by a scorpion (7 damage)
             ... on level 4 of the Dungeon.
             The game lasted 00:02:14 (1177 turns).

galech the Fighter (Gnoll Wanderer)                 Turns: 1177, Time: 00:02:15

Health: -1/54      AC:  6    Str: 17    XL:     5   Next: 46%
Magic:  7/7        EV: 10    Int: 12    God:
Gold:   70         SH:  0    Dex: 15    Spells: 6/6 levels left

rFire    . . .     SeeInvis .   a - +2 falchion
rCold    . . .     Gourm    .   (no shield)
rNeg     . . .     Faith    .   h - +0 scale mail
rPois    .         Spirit   .   (no helmet)
rElec    .         Reflect  .   (no cloak)
rCorr    .         Harm     +   (no gloves)
MR       .....                  (no boots)
Stlth    +.........             i - amulet of harm
HPRegen  0.18/turn              j - ring of flight
MPRegen  0.10/turn              (no ring)

@: slowed, very slow
A: distributed training, fangs 1, strong nose
a: Evoke Flight


You were on level 4 of the Dungeon.
You were not hungry.

You visited 1 branch of the dungeon, and saw 3 of its levels.

You collected 70 gold pieces.

Inventory:

Hand Weapons
 a - a +2 falchion (weapon)
 b - a +0 hand crossbow
Missiles
 c - 58 bolts
Armour
 e - a +0 robe
 h - a +0 scale mail (worn)
Jewellery
 i - an amulet of harm (around neck)
 j - a ring of flight (left hand)
 p - an uncursed ring of fire {unknown}
Scrolls
 k - 2 scrolls of identify {unknown}
 m - a scroll of enchant weapon {unknown}
 n - a scroll of remove curse
Potions
 d - a potion of curing
 g - a potion of degeneration {unknown}
 l - a potion of heal wounds {unknown}
 o - a potion of lignification {unknown}
Comestibles
 f - 5 rations
 q - a chunk of flesh


   Skills:
 + Level 10.4 Fighting
 + Level 1.4 Short Blades
 + Level 3.0 Long Blades
 + Level 1.4 Axes
 + Level 1.4 Maces & Flails
 + Level 1.4 Polearms
 + Level 1.4 Staves
 + Level 1.4 Slings
 + Level 1.4 Bows
 + Level 4.8 Crossbows
 + Level 1.4 Throwing
 + Level 1.4 Armour
 + Level 1.4 Dodging
 + Level 1.4 Stealth
 + Level 3.0 Shields
 + Level 1.4 Unarmed Combat
 + Level 1.4 Spellcasting
 + Level 1.1 Conjurations
 + Level 1.1 Hexes
 + Level 1.1 Charms
 + Level 1.1 Summonings
 + Level 1.1 Necromancy
 + Level 1.1 Translocations
 + Level 1.1 Transmutations
 + Level 1.1 Fire Magic
 + Level 1.1 Ice Magic
 + Level 1.1 Air Magic
 + Level 1.1 Earth Magic
 + Level 1.1 Poison Magic
 + Level 1.6 Invocations
 + Level 3.0 Evocations


You had 6 spell levels left.
You didn't know any spells.
Your spell library was empty.

Dungeon Overview and Level Annotations

Branches:
Dungeon (2/15)

Altars:


Innate Abilities, Weirdness & Mutations

Your experience applies equally to all skills.
You have very sharp teeth.
Your uncanny sense of smell can sniff out nearby items.


Message History

Things that are here:
a flail of venom; a scale mail
Okay, then.
You see here a club.
Found 19 arrows.
The scorpion closely misses you.
You hit the scorpion.
The scorpion is lightly wounded.
The scorpion closely misses you. The scorpion barely misses you.
You barely miss the scorpion.
The scorpion is lightly wounded.
The scorpion stings you.
* * * LOW HITPOINT WARNING * * *
The scorpion stings you.
* * * LOW HITPOINT WARNING * * *
You closely miss the scorpion.
You bite the scorpion, but do no damage.
The scorpion is lightly wounded.
The scorpion stings you.
You die...

........
#......#....∆
#.....##...#
#(...##...#
#....##...####
#####....##......#.
.......).......#(..
##.........?.......
#.#...))s@...#. #
###.)#####.#
#....$.....
......###...#
#.......# #
.........# ∆
..#.......#
...###...... ..
#...#.##


You could see a scorpion.

Vanquished Creatures
  2 orc wizards (D:4)
  A worker ant (D:4)
  3 gnolls (D:2)
  An adder (D:2)
  A worm (D:2)
  A dart slug (D:2)
  2 orcs (D:4)
  4 goblins
  9 hobgoblins
  3 jackals (D:1)
  7 kobolds
  A quokka (D:4)
  A ball python (D:4)
  5 bats
  A rat (D:2)
42 creatures vanquished.

Notes
Turn   | Place    | Note
-------+----------+-------------------------------------------
     0 | D:1      | Reached skill level 10 in Fighting
     0 | D:1      | galech the Gnoll Wanderer began the quest for the Orb.
     0 | D:1      | galech set off with: a +2 falchion, a +0 hand crossbow, 24 bolts, a potion of curing, a +0 robe, a ration
     0 | D:1      | Reached XP level 1. HP: 28/28 MP: 2/2
    74 | D:1      | Reached XP level 2. HP: 36/36 MP: 3/3
   345 | D:1      | Reached XP level 3. HP: 42/42 MP: 4/4
   737 | D:2      | Reached skill level 1 in Invocations
   876 | D:2      | Reached skill level 1 in Short Blades
   876 | D:2      | Reached skill level 1 in Axes
   876 | D:2      | Reached skill level 1 in Maces & Flails
   876 | D:2      | Reached skill level 1 in Polearms
   876 | D:2      | Reached skill level 1 in Staves
   876 | D:2      | Reached skill level 1 in Slings
   876 | D:2      | Reached skill level 1 in Bows
   876 | D:2      | Reached skill level 1 in Throwing
   876 | D:2      | Reached skill level 1 in Armour
   876 | D:2      | Reached skill level 1 in Dodging
   876 | D:2      | Reached skill level 1 in Stealth
   876 | D:2      | Reached skill level 1 in Unarmed Combat
   876 | D:2      | Reached skill level 1 in Spellcasting
   901 | D:2      | Reached XP level 4. HP: 37/48 MP: 6/6
  1136 | D:2      | You fall through a shaft for 2 floors!
  1146 | D:4      | Reached skill level 1 in Conjurations
  1146 | D:4      | Reached skill level 1 in Hexes
  1146 | D:4      | Reached skill level 1 in Charms
  1146 | D:4      | Reached skill level 1 in Summonings
  1146 | D:4      | Reached skill level 1 in Necromancy
  1146 | D:4      | Reached skill level 1 in Translocations
  1146 | D:4      | Reached skill level 1 in Transmutations
  1146 | D:4      | Reached skill level 1 in Fire Magic
  1146 | D:4      | Reached skill level 1 in Ice Magic
  1146 | D:4      | Reached skill level 1 in Air Magic
  1146 | D:4      | Reached skill level 1 in Earth Magic
  1146 | D:4      | Reached skill level 1 in Poison Magic
  1153 | D:4      | Reached XP level 5. HP: 13/54 MP: 7/7
  1177 | D:4      | Slain by a scorpion

Vault maps used:
D:1:      dpeg_arrival_simpleton_b
D:4:      hangedman_abyss_or_decor_stagger, nicolae_dithmenos_shadow_blocks,
          uniq_eustachio

Skill      XL: |  1  2  3  4  5 |
---------------+----------------+-----
Fighting       | | 10.4
Invocations    | 1 |  1.6
Short Blades   | 1 |  1.4
Axes           | 1 |  1.4
Maces & Flails | 1 |  1.4
Polearms       | 1 |  1.4
Staves         | 1 |  1.4
Slings         | 1 |  1.4
Bows           | 1 |  1.4
Throwing       | 1 |  1.4
Armour         | 1 |  1.4
Dodging        | 1 |  1.4
Stealth        | 1 |  1.4
Unarmed Combat | 1 |  1.4
Spellcasting   | 1 |  1.4
Conjurations   | 1 |  1.1
Hexes          | 1 |  1.1
Charms         | 1 |  1.1
Summonings     | 1 |  1.1
Necromancy     | 1 |  1.1
Translocations | 1 |  1.1
Transmutations | 1 |  1.1
Fire Magic     | 1 |  1.1
Ice Magic      | 1 |  1.1
Air Magic      | 1 |  1.1
Earth Magic    | 1 |  1.1
Poison Magic   | 1 |  1.1
Long Blades    | 3 |  3.0
Shields        | 3 |  3.0
Evocations     | 3 |  3.0
Crossbows      | |  4.8

Action                   |  1- 3 |  4- 6 || total
-------------------------+-------+-------++-------
Melee: Falchion          |    73 |    35 ||   108
       Bite              |     5 |     6 ||    11
  Use: Scroll            |     1 |       ||     1
       Potion            |       |     1 ||     1
  Eat: Chunk             |       |     1 ||     1
Armor: Scale mail        |    29 |    23 ||    52
       Robe              |     2 |       ||     2
Dodge: Dodged            |    40 |    28 ||    68
       Rpst.: Falchion   |    12 |    12 ||    24

Table legend:
 A = Spawn XP
 B = Non-spawn XP
 C = Spawn XP percentage of total XP
 D = Spawn monster count
 E = Non-spawn monster count
 F = Spawn count percentage of total count
 G = Total turns spent on level
                    A         B        C        D         E        F      G
               +---------+---------+-------+---------+---------+-------+---------
         Total |       0 |     236 |   0.0 |       0 |      42 |   0.0 |  1177
               +---------+---------+-------+---------+---------+-------+---------
           D:1 |       0 |      39 |   0.0 |       0 |      22 |   0.0 |   603
           D:2 |       0 |      75 |   0.0 |       0 |      13 |   0.0 |   533
           D:4 |       0 |     122 |   0.0 |       0 |       7 |   0.0 |    41
               +---------+---------+-------+---------+---------+-------+---------
